 Dungeon Crawl Stone Soup version 0.29.1-12-g30fa7ad0bf (webtiles) character file.

Game seed: 4350253668135776936

9 H0rd4k the Charlatan (level 2, 0/18 HPs)
             Began as an Octopode Artificer on Jan 9, 2023.
             Frozen to death by an endoplasm (4 damage)
             ... on level 1 of the Dungeon on Jan 11, 2023.
             The game lasted 00:00:28 (550 turns).

H0rd4k the Charlatan (Octopode Artificer)            Turns: 550, Time: 00:00:30

Health: 0/18       AC:  1    Str: 17    XL:     2   Next: 16%
Magic:  3/3        EV: 13    Int: 13    God:
Gold:   28         SH:  0    Dex: 12    Spells: 3/3 levels left

rFire   . . .      SeeInvis .   (no weapon)
rCold   . . .      Faith    .   (no shield)
rNeg    . . .      Spirit   .   (helmet restricted)
rPois   .          Reflect  .   (no amulet)
rElec   .          Harm     .   f - +6 ring of strength
rCorr   .          Rampage  .   (no ring)
Will    .....                   (no ring)
Stlth   +++.......              (no ring)
HPRegen 0.06/turn               (no ring)
MPRegen 0.08/turn               (no ring)
                                (no ring)
                                (no ring)

@: no status effects
A: almost no armour, amphibious, 8 rings, camouflage 1, gelatinous body 1,
(nimble swimmer 1), tentacles
a: no special abilities


You were on level 1 of the Dungeon.
You visited 1 branch of the dungeon, and saw 1 of its levels.

You collected 28 gold pieces.

Inventory:

Jewellery
 f - a +6 ring of strength (left tentacle)
Wands
 b - a wand of flame (15) (quivered)
 c - a wand of charming (15)
 d - a wand of iceblast (5)
Scrolls
 a - a scroll of immolation {unknown}
 h - a scroll of identify {unknown}
Potions
 e - a potion of flight {unknown}
 g - a potion of ambrosia {unknown}


   Skills:
 * Level 1.4 Fighting
 - Level 2.3 Dodging
 - Level 1.3 Stealth
 * Level 1.2 Spellcasting
 - Level 3.2 Evocations


You had 3 spell levels left.
You didn't know any spells.
Your spell library was empty.

Dungeon Overview and Level Annotations

Branches:
Dungeon (1/15)

Altars:


Innate Abilities, Weirdness & Mutations

You cannot wear most types of armour.
You are amphibious.
You can wear up to eight rings at the same time.
Your skin changes colour to match your surroundings (Stealth+).
Your rubbery body absorbs attacks. (AC +1, EV +1)
((You are camouflaged when in or above water. (Stealth+)))
You have tentacles for arms and can constrict up to eight enemies at once.


Message History

An endoplasm is nearby!
An endoplasm is nearby!
A giant cockroach comes into view.
The helpless endoplasm fails to defend itself.
You tentacle-slap the endoplasm.
The endoplasm is lightly wounded.
The endoplasm freezes you.
You are frozen.
There are monsters nearby!
You barely miss the endoplasm.
The endoplasm is lightly wounded.
The endoplasm hits you.
You barely miss the endoplasm. The endoplasm hits you.
There are monsters nearby!
You barely miss the giant cockroach. Your grab misses the giant cockroach.
The giant cockroach completely misses you.
The endoplasm closely misses you. The giant cockroach bites you.
There are monsters nearby!
You are too injured to fight recklessly!
There are monsters nearby!
You are too injured to fight recklessly!
There are monsters nearby!
You are too injured to fight recklessly!
You tentacle-slap the giant cockroach. You grab the giant cockroach.
The giant cockroach is moderately wounded.
You constrict the giant cockroach, but do no damage.
The endoplasm freezes you.
You are frozen.
* * * LOW HITPOINT WARNING * * *
The giant cockroach closely misses you.
Saving game... please wait.
Welcome back, H0rd4k the Octopode Artificer.
Press ? for a list of commands and other information.
You tentacle-slap the giant cockroach.
You squeeze the giant cockroach, but do no damage.
The giant cockroach is heavily wounded.
You constrict the giant cockroach, but do no damage.
The endoplasm freezes you.
You are frozen.
You die...

... ..##.# #.# #.#
#####.# ##.## ... #....#
#####...# .. +....#
###.......#
###...########...≈§≈≈...
#...............§§≈≈§≈..
#.#####..##.###.≈≈<§§≈..
... #..# #.≈≈§≈≈≈§. ##.
#@.# #..§≈≈≈..# #
#BJ...# ##......##
...#### ##...#.# .....
##..#.# #.##### #..#..
#. ...##.. ##


You could see an endoplasm and a giant cockroach.

Vanquished Creatures
  4 goblins (D:1)
  A frilled lizard (D:1)
  2 kobolds (D:1)
  4 rats (D:1)
11 creatures vanquished.

Notes
Turn   | Place    | Note
-------+----------+-------------------------------------------
     0 | D:1      | H0rd4k the Octopode Artificer began the quest for the Orb.
     0 | D:1      | Reached XP level 1. HP: 13/13 MP: 1/1
   232 | D:1      | Reached skill level 1 in Spellcasting
   456 | D:1      | Reached XP level 2. HP: 16/18 MP: 3/3
   550 | D:1      | Frozen to death by an endoplasm

Illustrated notes

Levels and vault maps discovered:
D:1:      dpeg_arrival_pits, layout_basic, hellmonk_ecumenical_altar_blasted,
          kennysheep_minor_cross

Skill      XL: |  1 |
---------------+----+-----
Spellcasting   | 1 |  1.2
Fighting       | |  1.4
Dodging        | |  2.3
Stealth        | |  1.3
Evocations     | |  3.2

Action                   || total
-------------------------++-------
Melee: Unarmed           ||    28
       Constrict         ||     9
       Tentacles         ||     5
 Stab: Sleeping          ||     2
Dodge: Dodged            ||    14
